 Dungeon Crawl Stone Soup version 0.18-a0-30-g52c0daa (webtiles) character file.

177 skittles the Covert (level 5, -5/25 HPs)
             Began as a Spriggan Assassin on Nov 5, 2015.
             Slain by blackbenes's ghost (15 damage)
             ... on level 3 of the Dungeon.
             The game lasted 00:12:23 (3309 turns).

skittles the Covert (Spriggan Assassin)             Turns: 3309, Time: 00:12:23

Health: -5/25      AC:  3    Str:  7    XL:     5   Next: 31%
Magic:  6/6        EV: 20    Int: 12    God:
Gold:   91         SH:  0    Dex: 19    Spells: 0 memorised, 4 levels left

rFire  + . .     SeeInvis +     a - +3 dagger
rCold  + . .     Clarity  .     c - +0 robe
rNeg   . . .     SustAt   .     (shield restricted)
rPois  +         Gourm    .     (helmet restricted)
rElec  +         Spirit   .     d - +0 cloak
rCorr  +         Warding  .     (gloves unavailable)
rMut   .         Stasis   .     (boots unavailable)
MR     .....                    (no amulet)
Stlth  +++++.....               (no ring)
                                (no ring)

@: resistant, very quick, not resistant to hostile enchantments, quite stealthy
A: unfitting armour, see invisible, herbivore 3, speed 3, slow metabolism 2
a: no special abilities


You were on level 3 of the Dungeon.
You were not hungry.

You visited 1 branch of the dungeon, and saw 3 of its levels.

You collected 91 gold pieces.

Inventory:

Hand Weapons
 a - a +3 dagger (weapon)
 b - a +0 blowgun
 o - a cursed -2 whip
Missiles
 e - 50 poisoned needles
 f - 2 curare-tipped needles
 q - 6 needles of slowing
Armour
 c - a +0 robe (worn)
 d - a +0 cloak (worn)
 t - a +0 robe
Jewellery
 n - an uncursed ring of fire {unknown}
Wands
 s - a wand of digging (24)
Scrolls
 h - a scroll of magic mapping
 i - 2 scrolls of enchant weapon
 j - 2 scrolls of identify
 k - 3 scrolls of immolation
 m - 4 scrolls of remove curse
 p - a scroll of random uselessness {unknown}
Comestibles
 g - 4 bread rations


   Skills:
 - Level 1.5 Fighting
 + Level 3.1 Short Blades
 - Level 2.0 Throwing
 + Level 4.0 Dodging
 + Level 8.6 Stealth


You had 4 spell levels left.
You didn't know any spells.

Dungeon Overview and Level Annotations

Branches:
Dungeon (3/15)

Altars:
Fedhas

Annotations:
D:3 blackbenes's ghost, amateur DsGl


Innate Abilities, Weirdness & Mutations

You are tiny and cannot use many weapons and most armour.
You have supernaturally acute eyesight.
You are a herbivore.
You cover ground extremely quickly.
You need consume almost no food.


Message History

You hit the rat.
You kill the rat!
A rat comes into view.
You hit the rat.
You kill the rat!
You see here a rat corpse.
The orc wizard mumbles some strange words.
The orc wizard seems to speed up.
You barely miss blackbenes's ghost. Blackbenes's ghost barely misses you.
You hit blackbenes's ghost.
Blackbenes's ghost is lightly damaged.
Blackbenes's ghost closely misses you.
You hit blackbenes's ghost.
Blackbenes's ghost is moderately damaged.
Blackbenes's ghost misses you.
You hit blackbenes's ghost but do no damage.
Blackbenes's ghost is moderately damaged.
Blackbenes's ghost hits you!
Ouch! That really hurt!
You die...

#####..# ##.# .......# #.#
.......# #.# ###....# #.#
.......# #.#
###...#######.# #######.#
##.....[....# #........
###################†#####.#
...o..........oW@.........#
...............############
################


You could see an orc wizard (invisible) and blackbenes's ghost.

Vanquished Creatures
  Jessica (D:2)
  An orc priest (D:3)
  3 adders (D:2)
  An ooze (D:1)
  3 worms
  A giant gecko (D:1)
  7 orcs (D:3)
  2 ball pythons (D:1)
  5 giant cockroaches
  10 goblins
  7 hobgoblins
  3 jackals (D:2)
  12 kobolds
  9 bats
  5 giant newts
  2 quokkas
  10 rats
82 creatures vanquished.

Notes
Turn   | Place    | Note
--------------------------------------------------------------
     0 | D:1      | skittles the Spriggan Assassin began the quest for the Orb.
     0 | D:1      | Reached XP level 1. HP: 10/10 MP: 2/2
    67 | D:1      | Reached skill level 6 in Stealth
   233 | D:1      | Reached XP level 2. HP: 14/14 MP: 3/3
   855 | D:1      | Reached skill level 7 in Stealth
   954 | D:1      | Reached XP level 3. HP: 14/18 MP: 4/4
  1694 | D:2      | Reached XP level 4. HP: 22/22 MP: 5/5
  1876 | D:2      | Noticed Jessica
  1878 | D:2      | Found a blossoming altar of Fedhas.
  1888 | D:2      | Killed Jessica
  2257 | D:3      | Reached skill level 8 in Stealth
  3000 | D:3      | Reached XP level 5. HP: 21/25 MP: 6/6
  3258 | D:3      | Noticed blackbenes's ghost (amateur DsGl)
  3309 | D:3      | Slain by blackbenes's ghost

Vault maps used:
D:1:      nagdon_arrival_zigzag_paths, grunt_decor_mini_mirrors,
          serial_bayou_pond_b, grunt_decor_fettered, st_stairs_1,
          grunt_decor_one_mirror, minmay_misc_feat_square
D:2:      fedhas_altar_3, uniq_jessica
D:3:      first_bread

Action                   |  1- 3 |  4- 6 || total
-------------------------+-------+-------++-------
Melee: Dagger            |   125 |   114 ||   239
 Fire: Blowgun           |       |    13 ||    13
  Use: Scroll            |       |     9 ||     9
       Potion            |       |     5 ||     5
 Stab: Sleeping          |     8 |    13 ||    21
       Distracted        |     1 |     1 ||     2
